 Dungeon Crawl Stone Soup version 0.29-a0-334-gb41bcbb86e (webtiles) character file.

Game seed: 642034421770601668

403 Jortsu the Chopper (level 6, 0/53 HPs)
             Began as a Hill Orc Fighter on Apr 14, 2022.
             Was an Initiate of Beogh.
             Splashed by a jelly's acid (1 damage)
             ... on level 4 of the Dungeon.
             The game lasted 00:04:57 (2892 turns).

Jortsu the Chopper (Hill Orc Fighter)               Turns: 2892, Time: 00:04:58

Health: 0/53       AC: -10   Str: 21    XL:     6   Next: 86%
Magic:  6/6        EV:  9    Int:  8    God:    Beogh [......]
Gold:   190        SH:  4    Dex: 10    Spells: 5/5 levels left

rFire   . . .      SeeInvis .   a - +0 war axe
rCold   . . .      Faith    .   c - +0 buckler
rNeg    . . .      Spirit   .   b - +0 scale mail
rPois   .          Reflect  .   (no helmet)
rElec   .          Harm     .   (no cloak)
rCorr   .          Rampage  .   i - +1 pair of gloves
Will    ++...                   (no boots)
Stlth   ..........              g - amulet of regeneration
HPRegen 0.97/turn               h - ring of willpower
MPRegen 0.10/turn               n - ring of willpower

@: corroded
A: no striking features
a: Renounce Religion


You were on level 4 of the Dungeon.
You worshipped Beogh.
Beogh was noncommittal.
You visited 1 branch of the dungeon, and saw 4 of its levels.

You collected 190 gold pieces.

Inventory:

Hand Weapons
 a - a +0 war axe (weapon)
Armour
 b - a +0 scale mail (worn)
 c - a +0 buckler (worn)
 i - a +1 pair of gloves (worn)
Jewellery
 g - an amulet of regeneration (around neck)
 h - a ring of willpower (left hand)
 n - a ring of willpower (right hand)
 u - a ring of positive energy
Wands
 s - a wand of mindburst (9)
Scrolls
 f - a scroll of teleportation
 l - 2 scrolls of noise
 p - a scroll of identify {unknown}
 r - a scroll of vulnerability {unknown}
 t - a scroll of enchant armour {unknown}
Potions
 d - 2 potions of might
 e - a potion of ambrosia {unknown}
 j - 4 potions of mutation {unknown}
 k - 2 potions of invisibility {unknown}
 m - a potion of heal wounds {unknown}
 o - a potion of degeneration {unknown}
 q - 2 potions of curing {unknown}


   Skills:
 + Level 4.4 Fighting
 + Level 7.1 Axes
 + Level 4.8 Armour
 + Level 0.7 Dodging
 + Level 3.9 Shields


You had 5 spell levels left.
You didn't know any spells.
Your spell library was empty.

Dungeon Overview and Level Annotations

Branches:
Dungeon (4/15)
 Temple: D:4-7

Altars:
Fedhas
Uskayaw
Zin

Shops:
D:2 ?


Message History

You hit the jelly but do no damage. The acid corrodes you!
Your hands burn!
The jelly is moderately wounded.
You slash the endoplasm!
You kill the endoplasm!
Beogh accepts your kill.
You hit the endoplasm but do no damage. The jelly hits you but does no damage.
The endoplasm closely misses you. The endoplasm attacks as you move away!
The endoplasm barely misses you.
Something hits the fungus.
You see here a +0 whip.
You hit the jelly but do no damage.
Your hands burn!
The jelly is moderately wounded.
The jelly hits you. The acid corrodes you!
You are splashed with acid.
You slash the jelly!
Your hands burn!
The jelly is almost dead.
The jelly hits you.
You are splashed with acid!
* * * LOW HITPOINT WARNING * * *
The jelly attacks as you move away! The jelly closely misses you.
There is an open door here.
The jelly attacks as you move away! You block the jelly's attack.
The jelly attacks as you move away! The jelly closely misses you.
The jelly attacks as you move away! The jelly hits you.
You are splashed with acid.
* * * LOW HITPOINT WARNING * * *
There is an open gate here.
Things that are here:
a +0 short sword; a kobold skeleton The jelly attacks as you move away!
The jelly hits you.
* * * LOW HITPOINT WARNING * * *
The acid corrodes you!
You are splashed with acid!
* * * LOW HITPOINT WARNING * * *
Items here: ( )) ÷.
You completely miss the jelly.
The jelly is almost dead.
The jelly hits you.
* * * LOW HITPOINT WARNING * * *
The acid corrodes you!
You are splashed with acid.
* * * LOW HITPOINT WARNING * * *
You hit the jelly but do no damage.
Your hands burn!
You die...

...##J####### #.# #....
.PP#.#J#....##### #.# #####
..÷#.#.#.....##.# ####.# #
...#J#'#......'.## #....# #
.÷.#J#...J....'..# #.#### ##
.JJ#.#..J.....J..# #.# ##.
.JJ#J#.......##J.# #.## ##..
P..J##......####J# #..## ##...
...#############@#####...####....
### #######.))...........'....
#...##.########...####....
##.###.#### #..## ##...
#.......[.######.### ##.÷
#.####.##.##.......# ##. # #.#
#.##.##.###.#.# ## # #.#
##.##.##.# #.#)# # # #.#
#..##.##.# #.#.#######


You could see 2 jellies and an endoplasm.

Vanquished Creatures
  Pargi (D:3)
  An ogre (D:4)
  A necrophage (D:4)
  2 orc wizards (D:4)
  5 adders
  2 orcs (D:4)
  10 endoplasms
  2 giant cockroaches
  8 hobgoblins
  2 jackals (D:2)
  2 quokkas
  7 ball pythons
  6 bats
  3 goblins
  15 kobolds
  5 rats
72 creatures vanquished.

Vanquished Creatures (others)
  An ufetubus (D:4)
  An orc (D:4)
  A goblin (D:4)
  4 jackals (D:4)
  3 fungi (D:4)
  7 plants (D:3)
  6 toadstools (D:4)
23 creatures vanquished.

Grand Total: 95 creatures vanquished

Notes
Turn   | Place    | Note
-------+----------+-------------------------------------------
     0 | D:1      | Jortsu the Hill Orc Fighter began the quest for the Orb.
     0 | D:1      | Reached XP level 1. HP: 19/19 MP: 1/1
   380 | D:1      | You fall into a shaft and drop 1 floor!
   434 | D:2      | Reached XP level 2. HP: 27/27 MP: 2/2
   453 | D:2      | Reached skill level 3 in Axes
   570 | D:1      | Reached XP level 3. HP: 21/33 MP: 3/3
   911 | D:1      | Found a hide-covered altar of Uskayaw.
  1038 | D:2      | Found Diseadixt's Magic Scroll Boutique.
  1074 | D:2      | Reached skill level 4 in Axes
  1188 | D:2      | Found a faded altar of an unknown god.
  1418 | D:3      | Noticed Pargi
  1435 | D:3      | Reached XP level 4. HP: 40/40 MP: 4/4
  1446 | D:3      | Killed Pargi
  1447 | D:3      | Reached skill level 5 in Axes
  1447 | D:3      | Reached XP level 5. HP: 28/47 MP: 5/5
  1573 | D:3      | Found a blossoming altar of Fedhas.
  2080 | D:4      | Identified the +5 dagger "Cymool" {pain, Str+5}
  2108 | D:4      | Reached XP level 6. HP: 40/53 MP: 6/6
  2113 | D:4      | Became a worshipper of Beogh the Brigand
  2167 | D:4      | Reached skill level 6 in Axes
  2334 | D:4      | Found a glowing silver altar of Zin.
  2487 | D:4      | Reached skill level 7 in Axes
  2891 | D:4      | HP: 1/53 [acid (6)]
  2892 | D:4      | Splashed by a jelly's acid

Illustrated notes

Levels and vault maps discovered:
D:1:      dpeg_arrival_water_altar, layout_loops_cross
D:2:      layout_basic, serial_shops, nicolae_diamond_shop,
          shapermc_ecumenical_altar_mp_highgroup
D:3:      layout_basic, fedhas_altar_4, serial_bayou, serial_bayou_pond_b,
          serial_bayou_pond_e, serial_bayou_pond_a, serial_bayou_lagoon_a,
          uniq_pargi
D:4:      cheibrodos_fertilizer, layout_loops_corners, zin_scriptorium

Skill      XL: |  1  2  3  4  5  6 |
---------------+-------------------+-----
Axes           | 3 4 5 7 |  7.1
Fighting       | 4 |  4.4
Armour         | 4 |  4.8
Dodging        | |  0.7
Shields        | |  3.9

Action                   |  1- 3 |  4- 6 || total
-------------------------+-------+-------++-------
Melee: War axe           |    75 |   118 ||   193
Invok: Convert to Beogh  |       |     1 ||     1
  Use: Scroll            |     2 |     1 ||     3
       Potion            |     1 |       ||     1
Armor: Scale mail        |    39 |    78 ||   117
Dodge: Dodged            |    37 |    64 ||   101
Block: Buckler           |    13 |    29 ||    42

Table legend: (Time is in decaauts)
 A = Elapsed time spent in this place.
 B = Non-inter-level travel time spent in this place.
 C = Inter-level travel time spent in this place.
 D = Time resting spent in this place.
 E = Time spent auto-exploring this place.
 F = Levels seen in this place.
 G = Mean time per level.
                   A        B        C        D        E       F      G
               +--------+--------+--------+--------+--------+-----+--------+
         Total |   2962 |   2909 |     53 |     20 |   2193 |   4 |  740.5 |
       Dungeon |   2962 |   2909 |     53 |     20 |   2193 |   4 |  740.5 |
               +--------+--------+--------+--------+--------+-----+--------+

Top non-repeatable levels by time:
     D:4: 862 daAuts
     D:1: 832 daAuts
     D:3: 725 daAuts
     D:2: 542 daAuts
